 Dungeon Crawl Stone Soup version 0.30-a0-422-g946f4849ff (webtiles) character file.

Game seed: 15738134677621944079

991 Chaicat the Covered (level 7, -11/66 HPs)
             Began as a Minotaur Fighter on Dec 7, 2022.
             Killed by divine providence
             ... invoked by an orc priest
              (15 damage)
             ... on level 5 of the Dungeon on Dec 8, 2022.
             The game lasted 00:09:32 (5022 turns).

Chaicat the Covered (Minotaur Fighter)              Turns: 5022, Time: 00:09:33

Health: -11/66     AC:  9    Str: 21    XL:     7   Next: 98%
Magic:  6/6        EV: 10    Int:  5    God:
Gold:   270        SH:  5    Dex: 11    Spells: 6/6 levels left

rFire   . . .      SeeInvis .    a - +1 war axe (vorpal)
rCold   . . .      Faith    .    c - +0 buckler
rNeg    . . .      Spirit   .    b - +0 scale mail
rPois   .          Reflect  .    h - +2 hat
rElec   .          Harm     .    (no cloak)
rCorr   .          Rampage  .    (no gloves)
Will    .....                    (no boots)
Stlth   ..........               (no amulet)
HPRegen 0.31/turn                (no ring)
MPRegen 0.10/turn                (no ring)

@: mighty
A: horns 2, retaliatory headbutt, talons 1, sturdy frame 1
a: no special abilities


You were on level 5 of the Dungeon.
You visited 1 branch of the dungeon, and saw 5 of its levels.
You also visited: Sewer.

You collected 270 gold pieces.

Inventory:

Hand Weapons
 a - a +1 vorpal war axe (weapon)
 j - the +0 mace of the Fox {venom, rF+ SInv}
   (You found it on level 5 of the Dungeon)

   It poisons the flesh of those it strikes.
   rF:        It protects you from fire.
   SInv:      It lets you see invisible.
Armour
 b - a +0 scale mail (worn)
 c - a +0 buckler (worn)
 h - a +2 hat (worn)
Scrolls
 g - 5 scrolls of identify
 i - a scroll of teleportation
 k - a scroll of blinking
Potions
 d - a potion of might
 e - 3 potions of mutation
 f - a potion of invisibility
 l - 2 potions of haste
 n - a potion of resistance


   Skills:
 + Level 7.0 Fighting
 + Level 6.4 Axes
 + Level 7.1 Armour
 - Level 5.0 Shields


You had 6 spell levels left.
You didn't know any spells.
Your spell library contained the following spells:

 Spells                   Type           Power      Damage    Failure   Level
 Freeze                   Ice            0%         1d3       77%         1
 Frozen Ramparts          Ice            0%         1d1       98%         3
 Hailstorm                Conj/Ice       0%         3d3       98%         3


Dungeon Overview and Level Annotations

Branches:
Dungeon (5/15)              Sewer (visited)
 Temple: D:4-7

Altars:


Innate Abilities, Weirdness & Mutations

You have a pair of horns on your head.
You reflexively headbutt those who attack you in melee.
You have sharp toenails.
Your movements are slightly less encumbered by armour. (ER -2)


Message History

You slash the gnoll bouda!
You kill the gnoll bouda!
The gnoll barely misses you.
Your Fighting skill increases to level 7!
The gnoll misses you. The gnoll closely misses you. You furiously retaliate!
You headbutt the gnoll!
You kill the gnoll!
Things that are here:
a +0 club; a +0 robe You swing at nothing.
The gnoll hits you from afar with a +0 spear.
* * * LOW HITPOINT WARNING * * *
The gnoll hits you but does no damage.
You see here a +0 spear.
You barely miss the gnoll.
The orc priest mumbles some strange prayers to Beogh against you.
Beogh smites you!
* * * LOW HITPOINT WARNING * * *
The gnoll hits you with a +0 spear.
* * * LOW HITPOINT WARNING * * *
You slash the gnoll!
You kill the gnoll!
The orc hits you with a +0 hand axe.
* * * LOW HITPOINT WARNING * * *
You barely miss the orc. Your kick misses the orc.
Your headbutt misses the orc.
The orc priest hits you from afar with a +0 trident.
* * * LOW HITPOINT WARNING * * *
The orc hits you but does no damage.
You slash the orc!
You kill the orc!
The orc priest closely misses you. The orc priest misses you.
Items here: ))) [[ ††.
You closely miss the orc priest. The orc priest barely misses you.
You barely miss the orc priest. You claw the orc priest!
The orc priest is severely wounded.
The orc priest invokes the aid of Beogh against you.
Beogh smites you!
You die...

#.#
######.####...
#.# #.# #.##
#.# #.# #.#.
#.# #.# #.#.
#.# #.# #.#.
#.# #.# #.#.
#.# #.# #.#.
#o# #.# #.#.
#@# #.# #.#.
#)# #.# #...
#)# #.#######
#.# #........
#.# #########
#.# #.# ..#
#.#


You could see an orc priest.

Vanquished Creatures
  The ghost of baller8008 the Conjurer, an amateur DECj (D:3)
  2 ice beasts
  A phantom (D:4)
  A kobold brigand (Sewer)
  2 scorpions (D:5)
  A jelly (D:5)
  An orc priest (D:4)
  A gnoll bouda (D:5)
  2 iguanas
  13 adders
  3 gnolls (D:5)
  3 river rats (Sewer)
  3 worms
  2 dart slugs
  9 orcs
  6 endoplasms
  8 giant cockroaches
  9 goblins
  10 hobgoblins
  6 jackals
  9 kobolds
  9 quokkas
  3 ball pythons
  11 bats
  6 frilled lizards
  11 rats
133 creatures vanquished.

Vanquished Creatures (others)
  15 plants (Sewer)
15 creatures vanquished.

Grand Total: 148 creatures vanquished

Notes
Turn   | Place    | Note
-------+----------+-------------------------------------------
     0 | D:1      | Chaicat the Minotaur Fighter began the quest for the Orb.
     0 | D:1      | Reached XP level 1. HP: 19/19 MP: 0/0
   222 | D:1      | Reached XP level 2. HP: 27/27 MP: 1/1
   350 | D:1      | Found a faded altar of an unknown god.
   647 | D:1      | Upgraded the game from 0.30-a0-414-gcb316572d5 to
                  | 0.30-a0-422-g946f4849ff
   714 | D:1      | Reached XP level 3. HP: 33/33 MP: 2/2
  1130 | D:2      | Reached XP level 4. HP: 36/40 MP: 3/3
  1912 | D:3      | Found a runed translucent door.
  1915 | D:3      | Noticed baller8008's ghost (amateur DECj)
  2146 | D:3      | Noticed an ice beast
  2156 | D:3      | Killed an ice beast
  2157 | D:3      | Reached skill level 5 in Armour
  2157 | D:3      | Reached XP level 5. HP: 32/47 MP: 4/4
  2289 | D:3      | Reached skill level 5 in Fighting
  2295 | D:3      | Reached skill level 5 in Shields
  2352 | D:3      | Found a glowing drain.
  2373 | Sewer    | Entered a sewer
  2481 | Sewer    | Reached XP level 6. HP: 48/56 MP: 5/5
  3813 | D:3      | Killed baller8008's ghost
  3814 | D:3      | Reached skill level 5 in Axes
  3814 | D:3      | Reached XP level 7. HP: 27/62 MP: 6/6
  4374 | D:4      | Gained mutation: You have sharp toenails. [potion of
                  | mutation]
  4374 | D:4      | Gained mutation: Your movements are slightly less
                  | encumbered by armour. (ER -2) [potion of mutation]
  4705 | D:5      | Entered Level 5 of the Dungeon
  4706 | D:5      | Identified the +0 mace of the Fox {venom, rF+ SInv}
  5018 | D:5      | HP: 3/66 [orc priest/+0 trident (3)]
  5022 | D:5      | Killed from afar by an orc priest

Illustrated notes

Levels and vault maps discovered:
D:1:      scummos_arrival_forest, layout_loops_ring,
          hellmonk_ecumenical_altar_inner_sanctum, kennysheep_pointless_box,
          nicolae_concentric_dashed_squares_wild
D:2:      layout_basic, minmay_octomino_c4
D:3:      layout_loops_corners, gup_sewer_entry_pipe,
          ebering_ghost_reflecting_pool
D:4:      layout_loops_ring
D:5:      layout_basic

Skill      XL: |  1  2  3  4  5  6  7 |
---------------+----------------------+-----
Armour         | 4 5 7 |  7.1
Shields        | 4 5 |  5.0
Fighting       | 4 5 7 |  7.0
Axes           | 3 4 5 6 |  6.4

Action                   |  1- 3 |  4- 6 |  7- 9 || total
-------------------------+-------+-------+-------++-------
Melee: War axe           |    87 |   160 |    63 ||   310
       Headbutt          |    13 |    17 |     9 ||    39
       Kick              |       |       |    10 ||    10
  Use: Scroll            |     4 |     6 |     4 ||    14
       Potion            |       |       |     2 ||     2
Armor: Scale mail        |    46 |    61 |    22 ||   129
Dodge: Dodged            |    51 |    68 |    31 ||   150
Block: Buckler           |    20 |    52 |    16 ||    88

Table legend: (Time is in decaauts)
 A = Elapsed time spent in this place.
 B = Non-inter-level travel time spent in this place.
 C = Inter-level travel time spent in this place.
 D = Time resting spent in this place.
 E = Time spent auto-exploring this place.
 F = Levels seen in this place.
 G = Mean time per level.
                   A        B        C        D        E       F      G
               +--------+--------+--------+--------+--------+-----+--------+
         Total |   5288 |   5218 |     70 |    234 |   3744 |   6 |  881.3 |
       Dungeon |   4191 |   4121 |     70 |     30 |   3063 |   5 |  838.2 |
         Sewer |   1097 |   1097 |      0 |    204 |    680 |   1 | 1097.0 |
               +--------+--------+--------+--------+--------+-----+--------+

Top non-repeatable levels by time:
     D:3: 1255 daAuts
   Sewer: 1097 daAuts
     D:2: 980 daAuts
     D:1: 906 daAuts
     D:4: 725 daAuts
     D:5: 323 daAuts
